 Dungeon Crawl Stone Soup version 0.23-a0-319-gb40ba49 (webtiles) character file.

2583 Amnesiac the Geomancer (level 9, -8/68 HPs)
             Began as a Deep Dwarf Earth Elementalist on Oct 14, 2018.
             Was a Priest of Dithmenos.
             Shot with a sling bullet by Joseph (11 damage)
             ... on level 7 of the Dungeon.
             The game lasted 00:22:56 (6977 turns).

Amnesiac the Geomancer (DDEE)                       Turns: 6977, Time: 00:22:56

Health: -8/68      AC:  3    Str: 12    XL:     9   Next: 32%
Magic:  2/16       EV: 12    Int: 19    God:    Dithmenos [***...]
Gold:   442        SH:  5    Dex: 13    Spells: 3/18 levels left

rFire    . . .     SeeInvis .   a - +0 dagger (venom)
rCold    . . .     Gourm    .   k - +0 buckler
rNeg     . . .     Faith    .   c - +0 robe
rPois    .         Spirit   .   (no helmet)
rElec    .         Reflect  .   j - +0 cloak
rCorr    .         Harm     .   (no gloves)
MR       +++..                  (no boots)
Stlth    ++++......             (no amulet)
HPRegen  0.00/turn              f - ring of protection from magic
MPRegen  0.15/turn              r - ring of protection from magic

@: very slightly contaminated, non-regenerating, wreathed by umbra
A: damage resistance, heal wounds, sense surroundings 2, no regeneration
a: Heal Wounds, Shadow Step, Renounce Religion


You were on level 7 of the Dungeon.
You worshipped Dithmenos.
Dithmenos was most pleased with you.
You were not hungry.

You visited 1 branch of the dungeon, and saw 7 of its levels.

You collected 442 gold pieces.

Inventory:

Hand Weapons
 a - a +0 dagger of venom (weapon)
Missiles
 l - 236 stones (quivered)
Armour
 c - a +0 robe (worn)
 j - a +0 cloak (worn)
 k - a +0 buckler (worn)
Jewellery
 f - a ring of protection from magic (left hand)
 r - a ring of protection from magic (right hand)
 s - a +5 amulet of reflection {unknown}
Wands
 e - a wand of iceblast (9)
 g - a wand of enslavement (8)
 o - a wand of acid (8)
Scrolls
 h - 2 scrolls of enchant weapon {!r}
 i - 3 scrolls of teleportation {!r}
 p - 4 scrolls of identify {!r}
 q - a scroll of fog {!r, unknown}
 t - 3 scrolls of fear {!r}
 u - a scroll of enchant armour {!r}
 v - 2 scrolls of remove curse {!r}
Potions
 m - 2 potions of flight {!q}
 n - a potion of resistance {!q}
Comestibles
 b - 11 chunks of flesh
 d - 11 rations


   Skills:
 * Level 5.7 Short Blades
 - Level 2.1 Dodging
 + Level 5.7 Stealth
 - Level 4.1 Shields
 - Level 5.0 Spellcasting
 - Level 2.1 Transmutations
 - Level 10.0 Earth Magic


You had 3 spell levels left.
You knew the following spells:

 Your Spells              Type           Power        Failure   Level  Hunger
a - Sandblast             Erth           #####.       1%          1    None
b - Passwall              Tmut/Erth      ####....     1%          2    #......
c - Stone Arrow           Conj/Erth      ###...       4%          3    ##.....
d - Lee's Rapid Deconstr  Erth           #####.....   5%          5    ######.
e - Petrify               Tmut/Erth      ####....     10%         4    ####...

Your spell library contained the following spells:

 Spells                   Type           Power        Failure   Level  Hunger


Dungeon Overview and Level Annotations

Branches:
Dungeon (7/15)             Temple (0/1) D:6

Altars:
Dithmenos
Nemelex Xobeh
Zin

Annotations:
D:7 Joseph


Innate Abilities, Weirdness & Mutations

You are resistant to damage.
You can heal yourself by infusing magical energy.
You passively map the area around you.
You do not regenerate.


Message History

You block the black bear's attack.
The black bear stops moving altogether!
The helpless black bear fails to defend itself.
You skewer the black bear like a kebab!!!
You kill the black bear!
Dithmenos accepts your kill.
You see here a black bear corpse.
You butcher the black bear corpse.
b - 3 chunks of flesh You see here a black bear skeleton.
Eating one of 3 chunks of flesh.
You eat one of the 3 chunks of flesh.
This raw flesh tastes terrible.
You see here a bullfrog corpse.
You butcher the bullfrog corpse.
b - 6 chunks of flesh (gained 4)
You see here a bullfrog skeleton.
b - 7 chunks of flesh (gained 1)
Things that are here:
an animal skin; a human skeleton There isn't anything to butcher here.
Items here: )) [ † a dagger; a ring mail; a falchion; an orc corpse You butcher the orc corpse.
b - 11 chunks of flesh (gained 4)
Items here: )) [ ÷ a dagger; a ring mail; a falchion; an orc skeleton
Items here: )) [ ÷ a dagger; a ring mail; a falchion; an orc skeleton
Things that are here:
an animal skin; a human corpse
Casting: Petrify (safe; 10% risk of failure)
Confirm with . or Enter, or press ? or * to list all spells.
Aiming: Petrify (safe; 10% risk of failure)
Press: ? - help, Shift-Dir - straight line, f - freed slave
Aim: a freed slave, wearing an animal skin (peaceful, chance to defeat MR: 56%) Really fire at the non-hostile freed slave?
You miscast Petrify.
You are very lightly contaminated with residual magic.
You experience a momentary feeling of inescapable doom!
Casting: Petrify (safe; 10% risk of failure)
Confirm with . or Enter, or press ? or * to list all spells.
Aiming: Petrify (safe; 10% risk of failure)
Press: ? - help, Shift-Dir - straight line, p - freed slave Nothing appears to happen.
Unknown command.
Casting: Petrify (safe; 10% risk of failure)
Confirm with . or Enter, or press ? or * to list all spells.
Aiming: Petrify (safe; 10% risk of failure)
Press: ? - help, Shift-Dir - straight line, f - freed slave
Aim: a freed slave, wearing an animal skin (peaceful, umbra, chance to defeat Really fire at the non-hostile freed slave?
The freed slave shouts!
The freed slave is moving more slowly.
The freed slave stops moving altogether!
Joseph, a Mercenary comes into view.
He is wielding a quarterstaff.
The helpless freed slave fails to defend itself.
You skewer the freed slave like a kebab!!!
The freed slave is poisoned.
The freed slave is severely wounded.
Joseph tries to grin evilly.
Joseph unwields an uncursed quarterstaff.
Joseph wields a glowing hunting sling.
Joseph shoots a sling bullet.
The sling bullet hits you!
You die...

.##.....##.# , , , *
.##........# #..,. , ** ,
.##........# # #.# . ,*
.##........# #.#.#@#* *
*, .##........# #.#.#.#
*, .##........# #.#.#.# *
.#######.#.###.?...#####
* , * .#
#........p......., , ,
'### ##.######@### * * *
*
...######.######.#######
...........)...['.......
,, ,,
...#######)####)......##*
<............##.......#
###########..##.......#
#......#..##.......#
#......##[###.######
#......÷......#


You could see Joseph and a freed slave (petrified).

Vanquished Creatures
  Pikel (D:7)
  Grinder (D:3)
  Prince Ribbit (D:5)
  Duvessa (D:5)
  Edmund (D:5)
  An orc warrior (D:6)
  2 slaves (D:7)
  2 ogres
  A black bear (D:7)
  A centaur (D:5)
  A bullfrog (D:6)
  2 howler monkeys (D:4)
  A crimson imp (D:6)
  2 jellies (D:5)
  2 orc priests
  2 centaur skeletons (D:7)
  3 hounds
  An iguana (D:3)
  Ijyb (D:3)
  5 orc wizards
  4 worker ants
  3 hound skeletons
  A howler monkey skeleton (D:7)
  14 adders
  2 oozes
  2 worms
  2 dart slugs
  4 leopard geckos
  15 orcs
  4 ball pythons
  9 bats
  6 giant cockroaches
  12 hobgoblins
  11 jackals
  4 kobolds
  2 quokkas
  10 frilled lizards
  13 goblins
  A leopard gecko skeleton (D:6)
  A quokka zombie (D:5)
  7 rats
159 creatures vanquished.

Vanquished Creatures (collateral kills)
  Dowan (D:5)
  A giant cockroach zombie (D:5)
2 creatures vanquished.

Vanquished Creatures (others)
  A slave (D:7)
  A centaur (D:5)
  A bullfrog (D:7)
  3 orcs (D:7)
6 creatures vanquished.

Grand Total: 167 creatures vanquished

Notes
Turn   | Place    | Note
-------+----------+-------------------------------------------
     0 | D:1      | Amnesiac the Deep Dwarf Earth Elementalist began the quest
                  | for the Orb.
     0 | D:1      | Reached XP level 1. HP: 15/15 MP: 3/3
    65 | D:1      | Reached XP level 2. HP: 13/22 MP: 1/4
    69 | D:1      | Learned a level 2 spell: Passwall
   468 | D:2      | Found a shadowy altar of Dithmenos.
   476 | D:2      | Became a worshipper of Dithmenos the Shadowed
   566 | D:1      | Reached XP level 3. HP: 10/28 MP: 6/6
   791 | D:2      | Reached skill level 5 in Earth Magic
   980 | D:2      | Reached skill level 1 in Shields
  1146 | D:2      | Reached XP level 4. HP: 24/36 MP: 7/7
  1222 | D:2      | Reached * piety under Dithmenos
  1409 | D:2      | Reached skill level 1 in Short Blades
  1854 | D:3      | Reached XP level 5. HP: 39/42 MP: 3/8
  1996 | D:3      | Noticed Grinder
  2112 | D:3      | Reached skill level 6 in Earth Magic
  2201 | D:3      | Learned a level 4 spell: Petrify
  2388 | D:3      | Paralysed by Grinder for 3 turns
  2395 | D:3      | Killed Grinder
  2395 | D:3      | Reached XP level 6. HP: 18/49 MP: 0/10
  2420 | D:4      | Reached skill level 7 in Earth Magic
  2437 | D:4      | Reached ** piety under Dithmenos
  2885 | D:3      | Reached XP level 7. HP: 40/55 MP: 1/11
  3335 | D:3      | Learned a level 5 spell: Lee's Rapid Deconstruction
  3535 | D:4      | Noticed Ijyb
  3727 | D:3      | Killed Ijyb
  4426 | D:5      | Entered Level 5 of the Dungeon
  4449 | D:5      | Reached skill level 8 in Earth Magic
  4499 | D:5      | Reached skill level 1 in Transmutations
  4515 | D:5      | Noticed Edmund
  4571 | D:5      | Killed Edmund
  4674 | D:5      | Found a sparkling altar of Nemelex Xobeh.
  4679 | D:5      | Noticed Duvessa
  4682 | D:5      | Noticed Dowan
  4708 | D:5      | Killed Dowan
  4756 | D:5      | Killed Duvessa
  4756 | D:5      | Reached XP level 8. HP: 33/62 MP: 1/13
  4926 | D:5      | Reached skill level 9 in Earth Magic
  4928 | D:5      | Noticed Prince Ribbit
  5106 | D:5      | Killed Prince Ribbit
  5224 | D:5      | Reached *** piety under Dithmenos
  5229 | D:5      | Reached skill level 10 in Earth Magic
  5397 | D:5      | Learned a level 3 spell: Stone Arrow
  5809 | D:6      | Found a staircase to the Ecumenical Temple.
  5867 | D:6      | Reached skill level 5 in Spellcasting
  6049 | D:6      | HP: 1/62 [orc priest/divine providence (11)]
  6613 | D:6      | Found a glowing silver altar of Zin.
  6650 | D:7      | Gained mutation: You passively map the area around you.
                  | [Deep Dwarf growth]
  6650 | D:7      | Reached XP level 9. HP: 13/68 MP: 13/16
  6817 | D:7      | Noticed Pikel
  6829 | D:7      | Killed Pikel
  6829 | D:7      | Reached skill level 5 in Short Blades
  6829 | D:7      | Reached skill level 5 in Stealth
  6943 | D:7      | HP: 3/68 [black bear (1)]
  6976 | D:7      | Noticed Joseph
  6977 | D:7      | Shot with a sling bullet by Joseph

Vault maps used:
D:1:      eino_arrival_water_star
D:2:      kennysheep_cross_room, grunt_dithmenos_smoke
D:3:      uniq_grinder
D:4:      kennysheep_goblin_castle, first_ration
D:5:      old_standard_altar, hangedman_abyss_or_decor_lesser_grid,
          uniq_prince_ribbit1, uniq_duvessa, uniq_edmund
D:6:      zin_academy, minmay_temple_entry_butterflies,
          hangedman_decor_peaks_small
D:7:      lemuel_round_altar, uniq_pikel, uniq_joseph, uniq_menkaure

Skill      XL: |  1  2  3  4  5  6  7  8  9 |
---------------+----------------------------+-----
Spellcasting   | 2 3 5 |  5.0
Stealth        | 3 4 5 |  5.7
Earth Magic    | 5 6 7 8 10 | 10.0
Shields        | 1 2 3 4 |  4.1
Short Blades   | 1 2 3 4 5 |  5.7
Transmutations | 1 2 |  2.1
Dodging        | |  2.1

Action                   |  1- 3 |  4- 6 |  7- 9 || total
-------------------------+-------+-------+-------++-------
Melee: Unarmed           |    73 |       |       ||    73
       Short sword       |    41 |    48 |   104 ||   193
       Dagger            |       |    38 |    86 ||   124
 Cast: Sandblast         |    24 |    47 |    23 ||    94
       Passwall          |       |     4 |     9 ||    13
       Petrify           |       |     5 |    47 ||    52
       Lee's Rapid Decon |       |       |    10 ||    10
 Abil: Heal Wounds       |       |       |     1 ||     1
Evoke: Wand              |       |       |     6 ||     6
  Use: Scroll            |     4 |     4 |     2 ||    10
       Potion            |     3 |     6 |     5 ||    14
 Stab: Sleeping          |     4 |     8 |    11 ||    23
       Invisible         |     1 |       |       ||     1
       Petrified         |       |     9 |    60 ||    69
       Petrifying        |       |       |     3 ||     3
       Distracted        |       |       |     1 ||     1
  Eat: Chunk             |     1 |     5 |    27 ||    33
       Ration            |       |     1 |       ||     1
Armor: Robe              |    30 |    18 |    18 ||    66
Dodge: Dodged            |   103 |    63 |   120 ||   286
Block: Buckler           |       |    14 |    37 ||    51

Table legend:
 A = Non-vault XP
 B = Vault XP
 C = Vault XP percentage of total XP
 D = Non-vault monster count
 E = Vault monster count
 F = Vault count percentage of total count
                 A         B        C        D         E       F
            +---------+---------+-------+---------+---------+-------
      Total |    1951 |    1740 |  47.1 |     142 |      18 |  11.2
            +---------+---------+-------+---------+---------+-------
        D:1 |      49 |       0 |   0.0 |      25 |       0 |   0.0
        D:2 |      90 |       0 |   0.0 |      27 |       0 |   0.0
        D:3 |     172 |     328 |  65.6 |      26 |       3 |  10.3
        D:4 |     270 |      73 |  21.3 |      16 |       9 |  36.0
        D:5 |     408 |     686 |  62.7 |      19 |       4 |  17.4
        D:6 |     704 |       2 |   0.3 |      19 |       1 |   5.0
        D:7 |     258 |     651 |  71.6 |      10 |       1 |   9.1
            +---------+---------+-------+---------+---------+-------
